 Dungeon Crawl Stone Soup version 0.19.4-9-g45fd643 (webtiles) character file.

586 JeffiDaFish the Stinger (level 7, 0/39 HPs)
             Began as a Gargoyle Venom Mage on Feb 16, 2017.
             Shot with an arrow by a centaur (6 damage)
             ... on level 6 of the Dungeon.
             The game lasted 00:14:16 (4856 turns).

JeffiDaFish the Stinger (Gargoyle Venom Mage)       Turns: 4856, Time: 00:14:17

Health: 0/39       AC: 10    Str: 12    XL:     7   Next: 37%
Magic:  0/11       EV: 12    Int: 15    God:
Gold:   257        SH:  0    Dex: 12    Spells: 3 memorised, 4 levels left

rFire  x . .     SeeInvis .     q - +7 mace of Araqieri {crush, *Corrode rPois MR++}
rCold  + . .     Gourm    .     s - +0 leather armour
rNeg   + . .     Faith    .     (no shield)
rPois  ∞         Spirit   .     e - +0 helmet
rElec  +         Reflect  .     (no cloak)
rCorr  .         Harm     +     m - +0 pair of gloves
MR     ++...                    (no boots)
Stlth  ++........               h - amulet of harm
                                (no ring)
                                i - ring of ice

@: very slightly contaminated
A: negative energy resistance 1, electricity resistance, unbreathing,
petrification resistance, rot immunity, AC +4
a: no special abilities


You were on level 6 of the Dungeon.
You were hungry.

You visited 1 branch of the dungeon, and saw 6 of its levels.

You collected 257 gold pieces.

Inventory:

Hand Weapons
 q - the +7 mace of Araqieri (weapon) {crush, *Corrode rPois MR++}
   (You found it on level 5 of the Dungeon)

   It inflicts extra damage upon your enemies.
   It protects you from poison.
   It affects your resistance to hostile enchantments.
   It may corrode you when you take damage.
Armour
 e - a +0 helmet (worn)
 m - a +0 pair of gloves (worn)
 s - a +0 leather armour (worn)
Jewellery
 h - an amulet of harm (around neck)
 i - a ring of ice (left hand)
Scrolls
 a - a scroll of recharging
 g - 11 scrolls of remove curse
 l - 2 scrolls of fear
 n - 2 scrolls of identify
Potions
 f - a potion of invisibility
 p - 3 potions of curing
 r - a potion of heal wounds
Books
 b - a Young Poisoner's Handbook

   Spells                             Type                      Level
   a - Sting                          Conjuration/Poison           1
   b - Mephitic Cloud                 Conjuration/Poison/Air       3
   c - Olgreb's Toxic Radiance        Poison                       4
   d - Alistair's Intoxication        Transmutation/Poison         5
   e - Venom Bolt                     Conjuration/Poison           5
Comestibles
 c - 2 bread rations
 d - a beef jerky
 j - 5 meat rations
 k - a slice of pizza


   Skills:
 + Level 1.9 Fighting
 + Level 2.2(2.6) Maces & Flails
   Level 2.2(2.6) Staves
 + Level 1.3 Armour
 + Level 3.0 Dodging
 + Level 3.4 Stealth
 + Level 0.6 Unarmed Combat
 + Level 3.0 Spellcasting
 + Level 1.9 Conjurations
 + Level 0.4 Air Magic
 + Level 5.1 Poison Magic


You had 4 spell levels left.
You knew the following spells:

 Your Spells              Type           Power        Failure   Level  Hunger
a - Sting                 Conj/Pois      ##..         8%          1    #......
b - Mephitic Cloud        Conj/Pois/Air  #.......     30%         3    ###....
c - Olgreb's Toxic Radia  Pois           ###.....     34%         4    #####..


Dungeon Overview and Level Annotations

Branches:
Dungeon (6/15)
 Temple: D:4-7

Altars:
Makhleb
Nemelex Xobeh
Trog
The Shining One


Innate Abilities, Weirdness & Mutations

You are resistant to torment.
Your stone body is resilient. (AC +4)
You are immune to poison.
You resist negative energy. (rN+)
You are resistant to electric shocks. (rElec)
You can survive without breathing.
You are immune to petrification.
You are immune to rotting.


Message History

Confirm with . or Enter, or press ? or * to list all spells.
Aiming: Mephitic Cloud
Press: ? - help, Shift-Dir - straight line The ball explodes into a vile cloud!
The stinking cloud engulfs the centaur.
The centaur is moderately wounded.
The centaur shoots an arrow.
The arrow hits you but does no damage.
The centaur shoots an arrow.
The arrow hits you!
* * * LOW HITPOINT WARNING * * *
The centaur shoots an arrow.
The arrow closely misses you.
You see here an arrow.
Casting: Mephitic Cloud
Confirm with . or Enter, or press ? or * to list all spells.
Aiming: Mephitic Cloud
Press: ? - help, Shift-Dir - straight line, f - centaur
Aim: a centaur, wielding a shortbow (heavily wounded, poisoned)
You miscast Mephitic Cloud.
You feel slightly ill.
The centaur shoots an arrow.
The arrow hits you.
* * * LOW HITPOINT WARNING * * *
The centaur shoots an arrow.
The arrow hits you.
You die...

≈ ≈≈≈≈≈##..#..(...# #≈
≈≈#≈...........#
#≈###≈#≈.......#...#
#≈≈≈≈≈#≈...........#
≈≈≈≈≈≈≈###.#.##.#.#
.......#...##.#.#
######.#.#.#.####.#.####
...c.§.((((#......#..<..
#####§#@##(#.###########
.. #.............. ##
####.#.######## #.###
###


You could see a centaur.

Vanquished Creatures
  A centaur (D:5)
  A howler monkey (D:5)
  A crimson imp (D:5)
  A centaur skeleton (D:4)
  2 orc wizards (D:5)
  Ijyb (D:3)
  2 iguanas (D:5)
  2 worker ants (D:5)
  12 adders
  2 oozes
  3 worms
  A dart slug (D:3)
  2 leopard geckos
  7 orcs
  11 bats
  6 giant cockroaches
  10 goblins
  4 hobgoblins
  2 jackals (D:3)
  3 quokkas
  A ball python skeleton (D:4)
  4 frilled lizards
  8 kobolds
  A quokka skeleton (D:5)
  11 rats
99 creatures vanquished.

Vanquished Creatures (collateral kills)
  A worm (D:3)
1 creature vanquished.

Grand Total: 100 creatures vanquished

Notes
Turn   | Place    | Note
-------+----------+-------------------------------------------
     0 | D:1      | JeffiDaFish the Gargoyle Venom Mage began the quest for the Orb.
     0 | D:1      | Reached XP level 1. HP: 10/10 MP: 3/3
   133 | D:1      | Reached XP level 2. HP: 15/15 MP: 0/5
   799 | D:2      | Reached XP level 3. HP: 19/19 MP: 4/6
   868 | D:2      | Learned a level 3 spell: Mephitic Cloud
  1099 | D:2      | Reached skill level 1 in Maces & Flails
  1147 | D:2      | Reached XP level 4. HP: 24/24 MP: 0/7
  1299 | D:2      | Found a bloodstained altar of Trog.
  1581 | D:3      | Noticed Ijyb
  1627 | D:3      | Killed Ijyb
  1627 | D:3      | Reached skill level 1 in Conjurations
  1627 | D:3      | Reached XP level 5. HP: 23/28 MP: 5/8
  1996 | D:3      | Found a glowing golden altar of the Shining One.
  2672 | D:4      | Reached skill level 1 in Staves
  2672 | D:4      | Reached skill level 5 in Poison Magic
  2672 | D:4      | Reached XP level 6. HP: 21/33 MP: 9/9
  3031 | D:5      | Entered Level 5 of the Dungeon
  3248 | D:5      | Found a burning altar of Makhleb.
  3361 | D:5      | Reached skill level 1 in Fighting
  3582 | D:5      | Reached skill level 1 in Armour
  3582 | D:5      | Reached XP level 7. HP: 37/38 MP: 11/11
  3590 | D:5      | Learned a level 4 spell: Olgreb's Toxic Radiance
  3787 | D:5      | Found a sparkling altar of Nemelex Xobeh.
  3942 | D:5      | Got a crude mace
  3943 | D:5      | Identified the +7 mace of Araqieri {crush, *Corrode rPois MR++} (You found it on level 5 of the Dungeon)
  4856 | D:6      | Shot with an arrow by a centaur

Skill      XL: |  1  2  3  4  5  6  7 |
---------------+----------------------+-----
Maces & Flails | 1 2 |  2.2
Dodging        | 2 3 |  3.0
Conjurations   | 1 |  1.9
Staves         | 1 2 |  2.2
Stealth        | 3 |  3.4
Poison Magic   | 5 |  5.1
Fighting       | 1 |  1.9
Armour         | 1 |  1.3
Spellcasting   | 3 |  3.0
Unarmed Combat | |  0.6
Air Magic      | |  0.4

Action                   |  1- 3 |  4- 6 |  7- 9 || total
-------------------------+-------+-------+-------++-------
Melee: Unarmed           |    20 |       |       ||    20
       Mace              |    79 |    27 |    18 ||   124
       Staff             |       |   262 |   181 ||   443
       Punch             |       |     2 |     1 ||     3
 Cast: Sting             |    29 |    62 |    20 ||   111
       Mephitic Cloud    |     1 |    20 |     3 ||    24
  Use: Potion            |     3 |     6 |       ||     9
       Scroll            |     6 |     1 |     1 ||     8
 Stab: Confused          |       |    13 |       ||    13
       Sleeping          |       |     1 |       ||     1
  Eat: Chunk             |     2 |    13 |       ||    15
       Bread ration      |       |       |     1 ||     1
Armor: Robe              |    58 |    72 |       ||   130
       Leather armour    |       |    29 |    79 ||   108
Dodge: Dodged            |    87 |   158 |   105 ||   350
